 Dungeon Crawl Stone Soup version 0.28-a0-1518-gbe868bca14 (webtiles) character file.

Game seed: 4547061224253887691

153 buddhastalin the Chopper (level 5, -1/46 HPs)
             Began as a Draconian Berserker on Jan 16, 2022.
             Was a Priest of Trog.
             Slain by Grinder (3 damage)
             ... while paralysed by Grinder
             ... on level 3 of the Dungeon.
             The game lasted 00:05:30 (2575 turns).

buddhastalin the Chopper (Draconian Berserker)      Turns: 2575, Time: 00:05:31

Health: -1/46      AC:  6    Str: 22    XL:     5   Next: 12%
Magic:  5/5        EV:  2    Int:  7    God:    Trog [***...]
Gold:   74         SH:  0    Dex: 10    Spells: 4/4 levels left

rFire   . . .      SeeInvis .   a - +0 hand axe
rCold   . . .      Faith    .   (no shield)
rNeg    . . .      Spirit   .   (armour unavailable)
rPois   .          Reflect  .   (helmet restricted)
rElec   .          Harm     .   (no cloak)
rCorr   .          Rampage  .   (no gloves)
Will    .....                   h - +0 pair of boots
Stlth   +.........              d - amulet of the acrobat
HPRegen 0.15/turn               (no ring)
MPRegen 0.09/turn               (no ring)

@: paralysed, on berserk cooldown, hasted and slowed
A: AC +5, unfitting armour, cold-blooded
a: Renounce Religion, Berserk, Trog's Hand


You were on level 3 of the Dungeon.
You worshipped Trog.
Trog was most pleased with you.
You visited 1 branch of the dungeon, and saw 3 of its levels.

You collected 74 gold pieces.

Inventory:

Hand Weapons
 a - a +0 hand axe (weapon)
Armour
 h - a +0 pair of boots (worn)
Jewellery
 d - an amulet of the acrobat (around neck)
Wands
 m - a wand of paralysis (9)
Scrolls
 b - a scroll of noise {unknown}
 g - 2 scrolls of enchant armour {unknown}
 k - a scroll of silence {unknown}
 l - a scroll of blinking {unknown}
 n - 2 scrolls of enchant weapon {unknown}
 q - a scroll of amnesia {unknown}
 r - a scroll of fog {unknown}
Potions
 c - a potion of ambrosia {unknown}
 e - 2 potions of haste
 f - a potion of berserk rage {unknown}
 i - a potion of invisibility {unknown}
 j - a potion of heal wounds {unknown}
 o - 2 potions of degeneration {unknown}
 p - 2 potions of brilliance {unknown}


   Skills:
 + Level 4.2 Fighting
 * Level 4.7 Axes
 + Level 3.5 Dodging


You had 4 spell levels left.
You didn't know any spells.
Your spell library was empty.

Dungeon Overview and Level Annotations

Branches:
Dungeon (3/15)

Altars:

Annotations:
D:3 Grinder


Innate Abilities, Weirdness & Mutations

Your plain brown scales are hard. (AC +5)
You cannot fit into any form of body armour.
You are cold-blooded and may be slowed by cold attacks.


Message History

You closely miss Grinder.
Grinder is moderately wounded.
Grinder hits you!
You writhe in agony.
Grinder hits you.
You writhe in agony.
You hit Grinder.
Grinder is moderately wounded.
Grinder barely misses you.
You hit Grinder.
Grinder is heavily wounded.
Grinder barely misses you. Grinder hits you.
You writhe in agony.
You barely miss Grinder.
Grinder is heavily wounded.
Grinder gestures at you.
You barely resist. You barely miss Grinder. You tail-slap Grinder.
Grinder is heavily wounded.
Grinder hits you! Grinder hits you.
* * * LOW HITPOINT WARNING * * *
You writhe in agony.
* * * LOW HITPOINT WARNING * * *
You barely miss Grinder.
Grinder is heavily wounded.
Grinder barely misses you. Grinder closely misses you.
It was a potion of haste.
You feel yourself speed up.
Grinder blinks!
Grinder grins, showing sharp teeth.
You hit Grinder.
Grinder is heavily wounded.
Grinder misses you.
You barely miss Grinder.
Grinder is heavily wounded.
Grinder gestures at you.
You suddenly lose the ability to move!
Grinder hits you.
* * * LOW HITPOINT WARNING * * *
You writhe in agony.
* * * LOW HITPOINT WARNING * * *
Grinder hits you.
* * * LOW HITPOINT WARNING * * *
Grinder hits you but does no damage. Grinder hits you.
You die...

# # #...
###############..#
##...........##..###
##.#########.##....
.) ...# #.##...# ..
#########
#.##...##.##.
........#
#.##.5.......
#######.#
#.###@.#...#
#..[.........
#####..#...## #..#
.## #..# .. #... ..
...## # ####


You could see Grinder.

Vanquished Creatures
  Jessica (D:3)
  An orc wizard (D:3)
  2 adders (D:2)
  A worm (D:2)
  2 dart slugs (D:2)
  5 orcs (D:3)
  9 ball pythons
  6 bats
  5 endoplasms
  2 giant cockroaches (D:1)
  2 goblins (D:1)
  3 hobgoblins
  8 jackals (D:2)
  5 quokkas
  6 frilled lizards
  8 kobolds
  3 rats
69 creatures vanquished.

Notes
Turn   | Place    | Note
-------+----------+-------------------------------------------
     0 | D:1      | buddhastalin the Draconian Berserker began the quest for
                  | the Orb.
     0 | D:1      | Reached XP level 1. HP: 19/19 MP: 1/1
   155 | D:1      | Reached XP level 2. HP: 26/26 MP: 2/2
  1242 | D:2      | Reached XP level 3. HP: 33/33 MP: 3/3
  1272 | D:2      | Reached ** piety under Trog
  1686 | D:2      | Reached XP level 4. HP: 39/40 MP: 4/4
  1931 | D:2      | Found a faded altar of an unknown god.
  2103 | D:3      | Noticed Jessica
  2115 | D:3      | Killed Jessica
  2233 | D:3      | Reached XP level 5. HP: 34/46 MP: 5/5
  2504 | D:3      | Reached *** piety under Trog
  2536 | D:3      | Noticed Grinder
  2536 | D:3      | Paralysed by Grinder for 7 turns
  2571 | D:3      | Paralysed by Grinder for 7 turns
  2573 | D:3      | HP: 1/46 [Grinder (6)]
  2575 | D:3      | Slain by Grinder

Illustrated notes

Levels and vault maps discovered:
D:1:      scummos_arrival_checkerplants, layout_loops_corners, st_stairs_3,
          chequers_serial_rivers_marsh
D:2:      layout_loops_ring, shapermc_ecumenical_altar_notcrosses,
          chequers_serial_rivers_small_3, minmay_vboxes
D:3:      layout_loops_ring, minitemple, uniq_ijyb, uniq_jessica, uniq_robin,
          uniq_grinder

Skill      XL: |  1  2  3  4 |
---------------+-------------+-----
Dodging        | 3 |  3.5
Axes           | 4 |  4.7
Fighting       | 4 |  4.2

Action                   |  1- 3 |  4- 6 || total
-------------------------+-------+-------++-------
Melee: Hand axe          |   124 |    81 ||   205
       Tailslap          |    11 |     9 ||    20
Invok: Berserk           |       |     1 ||     1
  Use: Potion            |       |     1 ||     1
 Stab: Sleeping          |     2 |       ||     2
Armor: Skin              |    33 |    28 ||    61
Dodge: Dodged            |    99 |    49 ||   148

Table legend: (Time is in decaauts)
 A = Elapsed time spent in this place.
 B = Non-inter-level travel time spent in this place.
 C = Inter-level travel time spent in this place.
 D = Time resting spent in this place.
 E = Time spent auto-exploring this place.
 F = Levels seen in this place.
 G = Mean time per level.
                   A        B        C        D        E       F      G
               +--------+--------+--------+--------+--------+-----+--------+
         Total |   2617 |   2571 |     46 |    292 |   1759 |   3 |  872.3 |
       Dungeon |   2617 |   2571 |     46 |    292 |   1759 |   3 |  872.3 |
               +--------+--------+--------+--------+--------+-----+--------+

Top non-repeatable levels by time:
     D:1: 1252 daAuts
     D:2: 887 daAuts
     D:3: 477 daAuts
